 Dungeon Crawl Stone Soup version 0.21-a0-615-g8e08f28 (webtiles) character file.

37 slep the Slasher (level 3, -6/18 HPs)
             Began as a Vine Stalker Gladiator on Dec 23, 2017.
             Mangled by polly's ghost (7 damage)
             ... on level 4 of the Dungeon.
             The game lasted 00:02:43 (324 turns).

slep the Slasher (Vine Stalker Gladiator)            Turns: 324, Time: 00:02:43

Health: -6/18      AC:  5    Str: 16    XL:     3   Next: 41%
Magic:  0/4        EV: 13    Int:  8    God:
Gold:   16         SH:  0    Dex: 16    Spells: 2/2 levels left

rFire    . . .     SeeInvis .   a - +0 long sword
rCold    . . .     Gourm    .   (no shield)
rNeg     + . .     Faith    .   b - +0 leather armour
rPois    .         Spirit   +   c - +0 helmet
rElec    .         Reflect  .   (no cloak)
rCorr    .         Harm     .   (no gloves)
MR       .....                  i - +0 pair of boots
Stlth    +.........             (no amulet)
HPRegen  0.06/turn              h - ring of positive energy
MPRegen  0.09/turn              (no ring)

@: lethally poisoned (-6 -> -12), flying
A: fangs 2, magic shield, antimagic bite, no potion heal 3, rot immunity
a: no special abilities


You were on level 4 of the Dungeon.
You were not hungry.

You visited 1 branch of the dungeon, and saw 4 of its levels.

You collected 16 gold pieces.

Inventory:

Hand Weapons
 a - a +0 long sword (weapon)
Missiles
 d - 3 throwing nets (quivered)
Armour
 b - a +0 leather armour (worn)
 c - a +0 helmet (worn)
 i - a +0 pair of boots (worn)
Jewellery
 h - a ring of positive energy (left hand)
Scrolls
 g - a scroll of remove curse {unknown}
 j - a scroll of magic mapping {unknown}
Comestibles
 f - a ration
 k - 4 chunks of flesh


   Skills:
 + Level 2.0 Fighting
 + Level 3.3 Long Blades
 + Level 1.8 Throwing
 + Level 0.1 Armour
 + Level 2.9 Dodging


You had 2 spell levels left.
You didn't know any spells.

Dungeon Overview and Level Annotations

Branches:
Dungeon (4/15)
 Temple: D:4-7

Altars:
Hepliaklqana

Annotations:
D:4 polly's ghost, amateur GrBe


Innate Abilities, Weirdness & Mutations

You have extremely sharp teeth.
When hurt, damage is shared between your health and your magic reserves.
Your bite disrupts and absorbs the magic of your enemies.
Potions cannot restore your health.
You are immune to rotting.


Message History

You feel sick. The orc hits you with a club.
Unknown command.
You hit the orc.
The orc is heavily wounded.
The orc closely misses you.
You riposte.
You hit the orc.
You kill the orc!
The kobold hits you but does no damage.
Items here: )) [ † a club; a whip; a leather armour; an orc corpse You slash the kobold!
You kill the kobold!
* * * LOW HITPOINT WARNING * * *
You feel sick.
Polly's ghost hits you but does no damage.
A worker ant comes into view.
You barely miss polly's ghost.
The orc shouts!
You hear a shout!
Polly's ghost whispers, "The ORB doesn't exist."
Polly's ghost hits you!
You die...

#............#
#.......#...####
#.....l.....!..
###............# ##
.......Z..#.........
.......<....#.......
........a.(.o.......
..#......Z####......
##....ooW@........
........o####..#..#
.........# ....
........... ...#
........W.#. ..#
.Z.oo..... ..
....Oo... . .....oo


You could see a worker ant, polly's ghost, 5 orcs and a leopard gecko skeleton.

Vanquished Creatures
  2 adders
  5 orcs
  2 goblins (D:3)
  A quokka (D:3)
  A bat (D:3)
  A frilled lizard (D:3)
  4 kobolds
16 creatures vanquished.

Notes
Turn   | Place    | Note
-------+----------+-------------------------------------------
     0 | D:1      | slep the Vine Stalker Gladiator began the quest for the Orb.
     0 | D:1      | Reached XP level 1. HP: 11/11 MP: 2/2
    31 | D:2      | Reached XP level 2. HP: 15/15 MP: 3/3
    46 | D:3      | Reached skill level 3 in Long Blades
   156 | D:3      | Found a hazy altar of Hepliaklqana.
   236 | D:3      | Found a faded altar of an unknown god.
   260 | D:3      | Reached XP level 3. HP: 11/18 MP: 2/4
   312 | D:4      | Noticed polly's ghost (amateur GrBe)
   313 | D:4      | Noticed an ogre
   324 | D:4      | Mangled by polly's ghost

Vault maps used:
D:1:      dpeg_arrival_pits, hangedman_abyss_or_decor_lesser_grid,
          hangedman_decor_points
D:2:      nicolae_overflow_crystal_walls, first_ration,
          kennysheep_cross_bottleneck
D:3:      minitemple, chequers_ecumenical_altar_simple,
          minmay_misc_feat_diagonals, minmay_fountain_box, minivault_26,
          supply_closet_lemuel
D:4:      minmay_temple_entry_enclosed_plants, gup_sewer_entry_glass

Skill      XL: |  1  2  3 |
---------------+----------+-----
Long Blades    | 3 |  3.3
Fighting       | 2 |  2.0
Throwing       | |  1.8
Armour         | |  0.1
Dodging        | |  2.9

Action                   || total
-------------------------++-------
Melee: Long sword        ||    56
       Bite              ||    21
  Use: Potion            ||     1
Armor: Leather armour    ||    15
Dodge: Dodged            ||    43
       Rpst.: Long sword ||    15

Table legend:
 A = Spawn XP
 B = Non-spawn XP
 C = Spawn XP percentage of total XP
 D = Spawn monster count
 E = Non-spawn monster count
 F = Spawn count percentage of total count
 G = Total turns spent on level
                    A         B        C        D         E        F      G
               +---------+---------+-------+---------+---------+-------+---------
         Total |       0 |      54 |   0.0 |       0 |      16 |   0.0 |   324
               +---------+---------+-------+---------+---------+-------+---------
           D:1 |       0 |       1 |   0.0 |       0 |       1 |   0.0 |    26
           D:2 |       0 |      13 |   0.0 |       0 |       1 |   0.0 |    17
           D:3 |       0 |      20 |   0.0 |       0 |      10 |   0.0 |   267
           D:4 |       0 |      20 |   0.0 |       0 |       4 |   0.0 |    14
               +---------+---------+-------+---------+---------+-------+---------
